 Dungeon Crawl Stone Soup version 0.21-a0-442-g848f44b (webtiles) character file.

66 Gorice the Skirmisher (level 3, -6/28 HPs)
             Began as a Demonspawn Wanderer on Nov 12, 2017.
             Killed by nerve-wracking pain
             ... invoked by Grinder
              (14 damage)
             ... while paralysed by Grinder
             ... on level 3 of the Dungeon.
             The game lasted 00:07:48 (2535 turns).

Gorice the Skirmisher (Demonspawn Wanderer)         Turns: 2535, Time: 00:07:48

Health: -6/28      AC:  8    Str: 14    XL:     3   Next: 96%
Magic:  6/6        EV:  2    Int: 10    God:
Gold:   234        SH:  0    Dex: 14    Spells: 6/6 levels left

rFire    . . .     SeeInvis .   d - +1 dagger
rCold    . . .     Gourm    .   c - +0 buckler
rNeg     . . .     Faith    .   h - +0 chain mail
rPois    .         Spirit   .   (no helmet)
rElec    .         Reflect  .   (no cloak)
rCorr    .         Harm     .   (no gloves)
MR       .....                  (no boots)
Stlth    ..........             (no amulet)
HPRegen  0.09/turn              (no ring)
MPRegen  0.10/turn              (no ring)

@: paralysed
A: hooves 2
a: no special abilities


You were on level 3 of the Dungeon.
You were not hungry.

You visited 1 branch of the dungeon, and saw 3 of its levels.

You collected 234 gold pieces.

Inventory:

Hand Weapons
 d - a +1 dagger (weapon)
 g - a +0 hand axe
 i - a +0 mace
 k - a +0 whip
 s - a +0 short sword
Missiles
 q - 2 tomahawks (quivered)
 Y - 34 stones
Armour
 b - a +0 ring mail
 c - a +0 buckler (worn)
 h - a +0 chain mail (worn)
Jewellery
 n - an uncursed ring of positive energy {unknown}
Scrolls
 m - 5 scrolls of remove curse
 p - a scroll of fog {unknown}
Potions
 e - 3 potions of heal wounds {!q}
 j - a potion of haste {unknown}
 l - a potion of agility {unknown}
 o - a potion of mutation {unknown}
Books
 a - a book of Minor Magic
Comestibles
 f - 2 bread rations {!e}
 r - a royal jelly


   Skills:
 + Level 2.7 Fighting
 - Level 1.0 Axes
 + Level 2.5 Armour
 - Level 1.7 Shields
 - Level 2.0 Spellcasting
   Level 1.7 Charms
   Level 1.0 Air Magic


You had 6 spell levels left.
You didn't know any spells.

Dungeon Overview and Level Annotations

Branches:
Dungeon (3/15)

Altars:
Ashenzari
Cheibriados
Dithmenos
Nemelex Xobeh

Annotations:
D:3 Grinder


Innate Abilities, Weirdness & Mutations

You have hoof-like feet.


Message History

You now have 234 gold pieces (gained 16).
Found a sparkling altar of Nemelex Xobeh.
Found a ruby potion.
Found a shattered altar of Ashenzari.
Grinder comes into view.
Grinder shouts!
Grinder gestures at you. Pain shoots through your body!
Damage: 5 (max 5) Grinder blinks!
Grinder drinks a potion.
Grinder flickers and vanishes!
Deactivating autopickup; reactivate with Ctrl-A.
Found a snail-covered altar of Cheibriados.
You aren't carrying any items that you can evoke.
Unknown command.
You start resting.
There is a strange disturbance nearby!
You barely miss something. You kick something.
Something tries to affect you, but you resist.
You miss something. Your kick misses something. Something hits you.
Damage: 1 (max 1)
You closely miss something. Your kick misses something. Something hits you.
You writhe in agony.
Damage: 4 (max 4)
You hit something. You kick something. Something hits you but does no damage.
You hit something. Something hits you.
Damage: 5 (max 5)
You suddenly lose the ability to move!
Something completely misses you. Pain shoots through your body!
* * * LOW HITPOINT WARNING * * *
You can move again.
Damage: 3 (max 3) Unknown command.
Unknown command.
Unknown command.
Unknown command.
Unknown command.
You miss something. Your kick misses something.
Something hits you but does no damage.
You hit something. Your kick misses something.
There is an open door here.
Pain shoots through your body!
* * * LOW HITPOINT WARNING * * *
Damage: 5 (max 5)
You suddenly lose the ability to move!
Pain shoots through your body!
Ouch! That really hurt!
You die...

......... ###........^.....#
#......# #........).......#
#.#.##.#...................#
#..........................#
###.......####.........##.##
###.........###......#..#.#
.........##.......#####....
.##......#.........# .....#
# ..........#@#............
......... #.#...###.....#
##.# ##.##.... ...... ..
#...#.........## .
##...##.#... #.....#.....
###.....###.K.
###....8....###
###......#......###


There were no monsters in sight!

Vanquished Creatures
  An adder (D:3)
  4 dart slugs
  2 leopard geckos
  2 orcs (D:3)
  6 bats
  4 giant cockroaches
  3 goblins
  4 hobgoblins
  3 jackals (D:2)
  A quokka (D:2)
  2 frilled lizards (D:1)
  5 kobolds
  5 rats
42 creatures vanquished.

Notes
Turn   | Place    | Note
-------+----------+-------------------------------------------
     0 | D:1      | Gorice the Demonspawn Wanderer began the quest for the Orb.
     0 | D:1      | Gorice set off with: a book of Minor Magic, a +0 ring mail, a +0 buckler, a +0 dagger, a bread ration {!e}
     0 | D:1      | Reached XP level 1. HP: 15/15 MP: 3/3
   332 | D:1      | Gained mutation: You have large cloven feet. [demonic ancestry]
   332 | D:1      | Reached XP level 2. HP: 14/21 MP: 5/5
   514 | D:1      | HP: 6/22 [goblin (2)]
   516 | D:1      | HP: 2/22 [hobgoblin/club (2)]
   610 | D:1      | Reached skill level 2 in Fighting
  1004 | D:1      | Reached skill level 2 in Armour
  1110 | D:1      | Gained mutation: You have hoof-like feet. [demonic ancestry]
  1110 | D:1      | Reached XP level 3. HP: 27/27 MP: 6/6
  1722 | D:2      | Found a shadowy altar of Dithmenos.
  2168 | D:3      | HP: 6/28 [hobgoblin (4)]
  2496 | D:3      | Found a sparkling altar of Nemelex Xobeh.
  2499 | D:3      | Found a shattered altar of Ashenzari.
  2500 | D:3      | Noticed Grinder
  2504 | D:3      | Found a snail-covered altar of Cheibriados.
  2520 | D:3      | Paralysed by something for 4 turns
  2532 | D:3      | HP: 8/28 [something/nerve-wracking pain (5)]
  2533 | D:3      | Paralysed by something for 7 turns
  2535 | D:3      | Killed from afar by Grinder

Vault maps used:
D:1:      minmay_arrival_three_doors, minivault_23
D:2:      lemuel_doored_altar, serial_forest, infiniplex_forest_clump_small,
          infiniplex_forest_corner_1, infiniplex_forest_zigzag_1,
          infiniplex_forest_lined_1, infiniplex_forest_lined_3_way,
          infiniplex_forest_straight_4, infiniplex_forest_zigzag_2,
          infiniplex_forest_side_room, infiniplex_forest_straight_2
D:3:      minmay_overflow_temple_star_quad, marbit_many_paths,
          corexii_hall_statues_x, uniq_grinder

Skill      XL: |  1  2 |
---------------+-------+-----
Fighting       | 2 |  2.7
Armour         | 2 |  2.5
Axes           | |  1.0
Shields        | |  1.7
Spellcasting   | |  2.0
Charms         | |  1.7
Air Magic      | |  1.0

Action                   || total
-------------------------++-------
Melee: Dagger            ||   194
       Kick              ||    38
Throw: Stone             ||     4
  Use: Scroll            ||     6
  Eat: Chunk             ||     5
Armor: Ring mail         ||    81
       Chain mail        ||    15
Dodge: Dodged            ||    80
Block: Buckler           ||    37

Table legend:
 A = Spawn XP
 B = Non-spawn XP
 C = Spawn XP percentage of total XP
 D = Spawn monster count
 E = Non-spawn monster count
 F = Spawn count percentage of total count
 G = Total turns spent on level
                    A         B        C        D         E        F      G
               +---------+---------+-------+---------+---------+-------+---------
         Total |       0 |      95 |   0.0 |       0 |      42 |   0.0 |  2535
               +---------+---------+-------+---------+---------+-------+---------
           D:1 |       0 |      41 |   0.0 |       0 |      23 |   0.0 |  1215
           D:2 |       0 |      18 |   0.0 |       0 |       9 |   0.0 |   838
           D:3 |       0 |      36 |   0.0 |       0 |      10 |   0.0 |   482
               +---------+---------+-------+---------+---------+-------+---------

Table legend:
 A = Turns spent in this place as a percentage of turns spent in the entire game.
 B = Non-inter-level travel turns spent in this place as a percentage of non-inter-level travel turns spent in the entire game.
 C = Inter-level travel turns spent in this place as a percentage of turns spent in this place.
 D = Turns resting spent in this place as a percentage of non-inter-level travel turns spent in this place.
 E = Turns spent auto-exploring this place as a percentage of non-inter-level travel turns spent in this place.
 F = Non-inter-level travel turns spent in this place divided by the number of levels of this place that you've seen.
                   A       B       C       D       E      F
               +-------+-------+-------+-------+-------+----------------------
         Total | 100.0 | 100.0 |   2.0 |  31.2 |  38.1 | 828.3
       Dungeon | 100.0 | 100.0 |   2.0 |  31.2 |  38.1 | 828.3
               +-------+-------+-------+-------+-------+----------------------

Vault maps used:
D:1:      minmay_arrival_three_doors, minivault_23
D:2:      lemuel_doored_altar, serial_forest, infiniplex_forest_clump_small,
          infiniplex_forest_corner_1, infiniplex_forest_zigzag_1,
          infiniplex_forest_lined_1, infiniplex_forest_lined_3_way,
          infiniplex_forest_straight_4, infiniplex_forest_zigzag_2,
          infiniplex_forest_side_room, infiniplex_forest_straight_2
D:3:      minmay_overflow_temple_star_quad, marbit_many_paths,
          corexii_hall_statues_x, uniq_grinder
